Cogmind - Beta 13 @@@ ROGUE MODE // 2024.04.29 @ 11:27:20 Player: Wyvric Result: Destroyed by C-57 Dissector with Advanced Concussive RPG Performance ------------- Evolutions (8) 4000 Regions Visited (25) 5000 Robots Destroyed (274) 1370 Value Destroyed (15184) 15184 Prototype IDs (59) 1180 Alien Tech Used (2) 400 Bonus (10223) 10223 TOTAL SCORE: 37357 Bonus ------- High Alert Combat Kills 1582 Follower Combat Kills 4224 Entered Garrisons 1000 Used RIF Installer 2500 Network Hubs Disabled 800 Aligned with FarCom 300 Built Enhanced Grunts 300 A7 Reached Mainframe 300 Friendly Fire -783 Cogmind --------- Core Integrity 0/1450 Matter 46/300 Energy 31/100 System Corruption 15% Temperature Cool (0) Movement Core (50) Location -2/Research Parts ------- > --- POWER (1) -------- (None) > --- PROPULSION (6) --- (None) > --- UTILITY (12) ----- (None) > --- WEAPON (4) ------- (None) > --- INVENTORY (5) ---- Huge Storage Unit Relay Coupler [NC] (35) Advanced Remote Datajack Sigix Broadsword Peak State ------------ > --- POWER ------------ Quantum-Antimatter Reactor > --- PROPULSION ------- Treaded Biometal-Antigrav Exoskeleton > --- UTILITY ---------- Armored Scrap Engine Cargo Storage Unit Advanced Signal Interpreter Long-range Terrain Scanner Advanced Transmission Jammer Relay Coupler [NC] Relay Coupler [Grunt] Relay Coupler [Brawler] Relay Coupler [Hunter] Advanced Component Analysis Suite > --- WEAPON ----------- Enhanced Nova Cannon Thermal Nova Construct/C Sigix Broadsword > --- INVENTORY -------- Huge Storage Unit Experimental Energy Well Matter Compressor Long-range Sensor Array Long-range Sensor Array Graphene Brace Beam Splitter Experimental Force Field Relay Coupler [NC] Relay Coupler [NC] Relay Coupler [NC] Relay Coupler [NC] Relay Coupler [NC] Relay Coupler [NC] Relay Coupler [Swarmer] Relay Coupler [Duelist] Relay Coupler [Sentry] Relay Coupler [Sentry] Relay Coupler [Proto] Relay Coupler [Proto] Relay Coupler [Proto] Relay Coupler [Proto] Long-range Tractor Beam Enhanced Quantum Rifle Hellfire Missile Launcher Tactical Quantum Warhead Advanced Remote Datajack Advanced Remote Datajack Sigix Broadsword [Rating: 179] Favorites ----------- Power Constructs Engine Ion Engine Power Core Light Nuclear Core Reactor Constructs Propulsion Constructs Treads Constructs Leg Aluminum Leg Wheel Compact Wheel Hover Unit Gravmag System Utility Huge Storage Unit Device Armored Scrap Engine Storage Huge Storage Unit Processor Advanced Targeting Computer Hackware Relay Coupler [NC] Protection Medium Regenerative Plating Weapon Constructs Energy Gun Constructs Energy Cannon Constructs Ballistic Gun Autogun Ballistic Cannon Light Cannon Launcher Advanced EMP Blaster Special Weapon Advanced Remote Datajack Impact Weapon Hammer Slashing Weapon Sigix Broadsword Piercing Weapon Makeshift Spear Special Melee Weapon Advanced Datajack Build | -11 -10 -10 -9 -9 -9 -8 -8 -8 -8 -8 -6 -6 -6 -6 -6 -5 -5 -4 -4 -4 -4 -3 -3 -3 -2 ------- Run | Yrd Mat Min Mat Min Exi Min Mat Sto Gar Rec Fac Ext Cet Arc Hub Fac Gar Fac Gar Fac Gar Res Qua Gar Res Slots Evolved 16 | . . . 2 . . . 2 . . . 4 . . . . 2 . 2 . . . 2 . . 2 Power . | . . . . . . . . . . . . . . . . . . . . . . . . . . Propulsion 4 | . . . . . . . . . . . 3 . . . . 1 . . . . . . . . . Utility 10 | . . . 2 . . . 2 . . . . . . . . 1 . 2 . . . 1 . . 2 Weapon 2 | . . . . . . . . . . . 1 . . . . . . . . . . 1 . . . Parts Attached 527 | 6 7 5 31 14 2 6 6 17 54 5 20 18 3 11 11 5 27 37 35 15 44 26 34 26 62 Power 14 | 1 . 1 2 2 . . . 1 3 . . . . . 1 . . 1 . . 1 1 . . . Engine 8 | 1 . 1 2 2 . . . . 2 . . . . . . . . . . . . . . . . Core 3 | . . . . . . . . 1 1 . . . . . . . . 1 . . . . . . . Reactor 3 | . . . . . . . . . . . . . . . 1 . . . . . 1 1 . . . Propulsion 53 | 2 2 2 7 2 . 2 . 1 18 1 8 7 . . . . 1 . . . . . . . . Treads 13 | 2 . . 1 . . 1 . 1 4 . . 3 . . . . 1 . . . . . . . . Leg 13 | . 2 2 4 2 . . . . 3 . . . . . . . . . . . . . . . . Wheel 25 | . . . 2 . . 1 . . 11 1 8 2 . . . . . . . . . . . . . Hover 2 | . . . . . . . . . . . . 2 . . . . . . . . . . . . . Flight . | . . . . . . . . . . . . . . . . . . . . . . . . . . Utility 279 | 1 2 2 15 3 2 3 4 5 11 2 8 9 2 7 2 4 12 22 19 10 20 19 29 19 47 Device 158 | . 1 . 1 . . . 2 1 7 1 4 5 2 3 . 3 8 12 12 6 10 9 23 8 40 Storage 13 | 1 1 . 2 . . 1 . . . . . . . . . . . . . 1 2 . 2 1 2 Processor 14 | . . . 3 . . . . 2 . . 1 1 . 1 . . . 2 . 1 . 1 1 . 1 Hackware 48 | . . . . . . . 1 . . . . . . 2 1 . 4 5 5 2 6 6 2 10 4 Protection 46 | . . 2 9 3 2 2 1 2 4 1 3 3 . 1 1 1 . 3 2 . 2 3 1 . . Artifact . | . . . . . . . . . . . . . . . . . . . . . . . . . . Weapon 181 | 2 3 . 7 7 . 1 2 10 22 2 4 2 1 4 8 1 14 14 16 5 23 6 5 7 15 Energy Gun 18 | . . . . 2 . . . 3 8 2 1 1 . . . . . . 1 . . . . . . Energy Cannon 9 | . . . . . . . . . . . . . . . . . . . 8 . . . . . 1 Ballistic Gun 24 | 2 . . . 4 . 1 . 2 5 . . . . 1 . . 4 5 . . . . . . . Ballistic Cannon 8 | . 2 . 2 1 . . 1 2 . . . . . . . . . . . . . . . . . Launcher 19 | . . . . . . . . 1 4 . . . . 2 1 . 1 2 2 . . 2 . . 4 Special Weapon 39 | . . . . . . . . . . . . 1 . . . . . 3 5 3 10 3 1 6 7 Impact Weapon 6 | . 1 . 5 . . . . . . . . . . . . . . . . . . . . . . Slashing Weapon 46 | . . . . . . . . 1 5 . 3 . 1 1 7 1 6 3 . 2 7 1 4 1 3 Piercing Weapon 8 | . . . . . . . 1 1 . . . . . . . . . . . . 6 . . . . Special Melee Weapon 4 | . . . . . . . . . . . . . . . . . 3 1 . . . . . . . Unidentified Prototypes 9 | . . . . . . . . 5 . . . 1 . 1 . . . . . . 1 . 1 . . Parts Lost 69 | . . 1 1 7 . 2 . . 14 . 1 2 . . 4 . . 6 3 1 2 7 2 . 16 Power 7 | . . . . 1 . . . . 1 . . . . . 1 . . 1 . . 1 1 . . 1 Propulsion 13 | . . 1 . 2 . 1 . . 4 . . 1 . . . . . . . . . 1 . . 3 Utility 30 | . . . 1 2 . 1 . . 8 . 1 1 . . . . . 4 2 . 1 2 . . 7 Weapon 19 | . . . . 2 . . . . 1 . . . . . 3 . . 1 1 1 . 3 2 . 5 Highest Loss Streak 13 | . . 1 1 4 . 1 . . 6 . 1 1 . . 1 . . 4 1 1 1 2 2 . 13 To Critical Strikes 4 | . . . . 1 . . . . . . . . . . . . . . . . . 1 . . 2 Average Slot Usage (%) 75 | . 99 100 98 99 100 99 100 99 95 70 71 74 63 64 59 53 62 62 66 65 60 62 62 58 62 Engine 3 | . 14 14 10 10 11 11 9 2 1 8 6 3 . . . . 1 . . . . . . . . Core 1 | . . . . . . . . 6 6 . . 2 2 . . . 2 4 2 . . . . . . Reactor 1 | . . . . . . . . . . . . . 2 6 6 5 . . 1 5 4 3 3 4 3 Treads 2 | . 26 . 3 1 . 9 9 9 3 . 1 4 4 . . . 1 . . . 1 . . 1 . Leg 4 | . 1 28 15 9 11 1 . . 1 7 4 . . . . 5 5 1 2 4 3 4 . . 3 Wheel 2 | . . . 3 11 11 10 9 9 12 . 10 1 . . . . . . . . . . . . . Hover 1 | . . . . . . . . . . . . 8 2 6 5 . . 2 2 . . . 1 2 . Device 9 | . 13 1 5 . . . 9 9 14 9 12 11 20 14 6 16 13 11 11 9 13 10 15 8 11 Storage 7 | . 14 14 11 11 11 11 9 9 9 9 6 6 6 6 6 5 5 5 5 5 5 4 4 4 4 Processor 7 | . . . 13 22 19 11 9 11 18 18 10 6 . 4 6 5 . 2 . 2 . 4 4 7 3 Hackware 7 | . . . . . . . 1 6 . . . . . 5 10 5 8 15 18 21 16 16 12 15 21 Protection 5 | . . 12 12 10 13 22 25 18 11 4 2 7 6 . 2 . 5 3 4 . . . . . . Energy Gun 3 | . . . . 5 . . . . 7 12 8 13 6 6 2 1 4 . . . 3 5 2 1 1 Energy Cannon 1 | . . . . . . . . . . . . 2 1 . 1 . . 4 7 6 1 . . . 2 Ballistic Gun 4 | . 23 . . 12 22 22 8 2 4 . . . 3 6 3 . 3 4 2 . 2 . . 1 . Ballistic Cannon 2 | . 3 28 11 3 . . 3 5 . . . 2 2 . . . . . . . 2 1 2 . . Slashing Weapon 1 | . . . . . . . . 2 3 . 4 . 1 1 4 4 1 2 . 3 1 3 4 4 3 Naked Turns 18 | . . . . . . . . . . . . . . . . . . . . . . . . . 18 Heaviest Build 199 | 13 32 34 98 100 103 103 106 108 111 104 111 127 124 121 119 116 122 124 136 120 182 181 196 178 199 Greatest Support 256 | 40 40 20 20 16 16 16 16 16 22 36 75 120 117 117 157 185 196 224 241 241 171 182 151 256 203 Greatest Overweight (x) 10 | . 1 1 6 9 6 6 6 6 10 7 6 1 1 1 . . . 1 1 . 1 1 2 2 2 Average Overweight (x) 1 | . . 1 2 5 6 5 6 6 5 4 2 . 1 . . . . . . . . . . . . Largest Inventory Capacity 30 | 8 15 15 25 25 25 25 25 25 25 25 25 25 25 25 25 25 25 25 25 25 30 30 30 30 30 Average Capacity 25 | 6 14 15 18 25 25 25 25 25 25 25 25 25 25 25 25 25 25 25 25 25 27 30 28 29 29 Most Carried 30 | 6 15 15 25 25 25 25 25 25 25 25 25 25 25 25 25 24 25 25 25 25 30 30 30 30 30 Average Carried 24 | 2 9 14 17 24 24 24 23 24 24 23 23 24 23 24 24 22 24 24 23 24 26 28 28 28 28 Final Capacity 30 | 8 15 15 25 25 25 25 25 25 25 25 25 25 25 25 25 25 25 25 25 25 30 30 25 30 5 Final Carried 30 | 6 15 15 25 25 25 24 25 25 25 25 25 24 24 25 24 23 25 24 24 24 30 29 25 30 5 Scrap Engine Consumption 463 | . . . . . . . . . . 23 38 35 7 8 13 3 23 47 58 12 45 27 26 53 45 Constructs Created 37 | . . . . . . . . . . 3 3 2 1 . 1 1 3 6 2 2 3 . 4 3 3 Constructs Modified 142 | . . . . . . . . . . 5 9 7 8 . 1 1 7 10 18 5 19 5 14 17 16 Class Distribution -------------------- 27% | Mutant 18% | Bothacker-Construct 14% | Botlord-Construct 12% | Construct 10% | Commander-Construct 6% | Scavenger-Mutant 6% | Botlord-Mutant Dominant Class ---------------- Mutant | -10/Materials Mutant | -10/Mines Mutant | -9/Materials Mutant | -9/Mines Mutant | -9/Exiles Scavenger-Mutant | -8/Mines Scavenger-Mutant | -8/Materials Mutant | -8/Storage Mutant | -8/Garrison Construct | -8/Recycling Construct | -6/Factory Commander-Construct | -6/Extension Construct | -6/Cetus Commander-Construct | -6/Archives Commander-Construct | -6/Hub_04(d) Mutant | -5/Factory Bothacker-Construct | -5/Garrison Bothacker-Construct | -4/Factory Bothacker-Construct | -4/Garrison Bothacker-Construct | -4/Factory Botlord-Construct | -4/Garrison Botlord-Construct | -3/Research Botlord-Construct | -3/Quarantine Botlord-Construct | -3/Garrison Botlord-Mutant | -2/Research Resources | -11 -10 -10 -9 -9 -9 -8 -8 -8 -8 -8 -6 -6 -6 -6 -6 -5 -5 -4 -4 -4 -4 -3 -3 -3 -2 ----------- Run | Yrd Mat Min Mat Min Exi Min Mat Sto Gar Rec Fac Ext Cet Arc Hub Fac Gar Fac Gar Fac Gar Res Qua Gar Res Matter Collected 9914 | 219 99 179 418 400 . 252 . 87 837 78 211 324 38 202 194 . 411 477 786 266 1288 497 797 883 971 Remotely 90 | . . . . . . . . . . . . . . . . . . . . . . . . . 90 Salvage Created 14405 | . 94 148 555 374 . 235 . 157 2119 166 745 619 79 238 362 . 1057 1044 1434 . 1263 452 748 1276 1240 Parts 670 | . 7 19 34 10 . 27 . 9 82 10 36 14 3 16 20 . 32 71 64 . 29 24 32 39 92 Haulers Intercepted 3 | . . . . . . . . . 1 . 1 . . . . . . . . . . . . . 1 Recyclers Shooed 7 | . . . . . . 1 . 1 . 2 . . . . . . . . . . . 3 . . . Parts Field Recycled . | . . . . . . . . . . . . . . . . . . . . . . . . . . Retrieved Matter . | . . . . . . . . . . . . . . . . . . . . . . . . . . Parts Self-Destructed . | . . . . . . . . . . . . . . . . . . . . . . . . . . Prevented . | . . . . . . . . . . . . . . . . . . . . . . . . . . Kills | -11 -10 -10 -9 -9 -9 -8 -8 -8 -8 -8 -6 -6 -6 -6 -6 -5 -5 -4 -4 -4 -4 -3 -3 -3 -2 ------- Run | Yrd Mat Min Mat Min Exi Min Mat Sto Gar Rec Fac Ext Cet Arc Hub Fac Gar Fac Gar Fac Gar Res Qua Gar Res Combat Hostiles Destroyed 235 | . 2 11 17 16 . 11 . 2 32 3 4 10 1 . 5 . 21 14 24 . 9 10 8 9 26 Melee 36 | . . . . . . . . 1 2 . 3 . . . 1 . . 2 . . 2 2 6 9 8 Guns 73 | . 2 . . 4 . 11 . . 23 3 . . . . 3 . 10 8 5 . 4 . . . . Cannons 56 | . . 11 12 11 . . . 1 . . . 2 . . . . . 2 6 . 3 1 1 . 6 AOE 32 | . . . . . . . . . 6 . . . . . . . . . 8 . . 7 . . 11 Classes Destroyed 18 | . 1 1 3 1 . 1 . 1 3 . 4 1 . . . . 1 . . . . . . . 1 Worker 11 | . . . . . . . . . . . 1 . . . 3 . . 1 . . . 2 . . 4 Builder 10 | . . . 1 . . . . . . . . . . . . . . 1 . . . . 1 . 7 Tunneler 1 | . . . . . . . . . . . . . . . . . . . . . . . . . 1 Hauler 3 | . . . . . . . . . 1 . 1 . . . . . . . . . . . . . 1 Recycler 10 | . . . 1 1 . . . 1 . . 3 . . . . . . 1 . . . 1 2 . . Operator 9 | . . . . . . . . . . . 1 . . 8 . . . . . . . . . . . Watcher 3 | . . . . . . . . . . . 2 . . . . . . . . . . . . . 1 Swarmer 59 | . . 9 8 . . 8 . . 3 . . . . . . . 10 . 7 . 2 . . 1 11 Cutter 3 | . . . . . . . . . 3 . . . . . . . . . . . . . . . . Grunt 62 | . 2 2 3 3 . 2 . . 19 . 2 3 . . 1 . 7 . 8 . 6 . 1 3 . Brawler 2 | . . . . . . . . . . . . . . . . . 1 . . . 1 . . . . Duelist 2 | . . . . . . 1 . . . . . . . . . . . . 1 . . . . . . Sentry 33 | . . . 6 2 . . . 1 3 3 1 5 . . 3 . . . 5 . 1 . . 2 1 Specialist 4 | . . . . . . . . . 3 . . . . . . . . . . . . . . 1 . Hunter 21 | . . . . . . . . 1 1 . . . . . . . 2 6 . . . 7 . 1 3 Programmer 34 | . . . . . . . . . . . 1 . . . . . . 8 2 . . 3 7 1 12 Behemoth 6 | . . . . . . . . . . . . 2 . . 1 . 1 . 1 . 1 . . . . Cetus Guard 1 | . . . . . . . . . . . . . 1 . . . . . . . . . . . . Assembled 11 | . . . . 11 . . . . . . . . . . . . . . . . . . . . . Best Kill Streak 14 | . 2 3 6 6 . 4 . 1 6 1 4 3 1 4 2 . 11 9 5 . 2 5 4 2 14 Combat Bots Only 11 | . 2 3 4 6 . 4 . 1 6 1 3 3 1 . 2 . 11 6 5 . 2 5 3 2 9 Max Kills in Single Turn 5 | . 1 2 1 1 . 2 . 1 2 1 1 1 1 1 1 . 2 1 3 . 1 2 1 1 5 Gunslinging . | . . . . . . . . . . . . . . . . . . . . . . . . . . Exploded 4 | . . . . . . . . . 2 . . . . . . . . . 3 . . 2 . . 4 Melee 1 | . . . . . . . . 1 1 . 1 . . . 1 . . 1 . . 1 1 1 1 1 Uniques/NPCs Destroyed . | . . . . . . . . . . . . . . . . . . . . . . . . . . Combat | -11 -10 -10 -9 -9 -9 -8 -8 -8 -8 -8 -6 -6 -6 -6 -6 -5 -5 -4 -4 -4 -4 -3 -3 -3 -2 -------- Run | Yrd Mat Min Mat Min Exi Min Mat Sto Gar Rec Fac Ext Cet Arc Hub Fac Gar Fac Gar Fac Gar Res Qua Gar Res Hostile Shots Fired 2774 | . 16 61 105 77 . 51 6 12 184 12 52 59 1 2 287 . 115 289 188 31 201 266 161 117 481 Missed 890 | . 4 15 34 13 . 12 2 3 56 3 15 15 . 1 116 . 40 120 55 11 52 117 38 41 127 Damage Taken 35312 | . 131 437 760 894 . 512 45 97 2109 141 640 565 87 52 3074 . 1176 3184 2711 627 3023 2920 2784 1461 7882 Core 4348 | . 10 72 132 134 . 51 19 24 394 32 47 6 30 . 377 . 135 412 175 23 200 317 232 71 1455 Absorbed by Shields 791 | . . . . . . . 17 35 161 . . 156 . . . . . . 140 . 38 . . . 244 Reduced by Siege Mode 247 | . . . . . . . . . . . . . . . . . . . . . . . . . 247 Redirected to Shielding 7 | . . . . . . 1 4 2 . . . . . . . . . . . . . . . . . Ignored by Resistances 948 | . . . . . . . . . . . . 15 . . . . 120 103 50 . . . . . 660 Regen/Repaired (Parts) 14111 | . . . . . . . . . . 33 267 148 280 . 688 576 452 1236 2326 658 2015 357 1742 1540 1793 Core Remaining (%) 51 | 100 . 67 . . . 20 . . . 14 . . . . 45 . 86 . . . 29 . . 52 . Volleys Fired 741 | . 7 19 20 26 . 24 2 5 62 7 7 20 2 11 12 . 75 44 93 19 141 28 25 39 53 Largest 3 | . 2 2 2 2 . 2 1 2 2 2 3 3 3 2 2 . 2 2 3 1 2 1 2 1 2 Hottest 264 | . 40 70 88 90 . 48 44 88 122 108 203 203 191 121 121 . 95 144 264 81 128 93 156 32 199 Shots Fired 1080 | . 14 38 40 52 . 48 2 7 139 17 13 38 6 14 15 . 99 91 133 19 140 30 26 39 60 Gun 542 | . 14 . . 27 . 48 . 2 133 17 13 28 2 14 13 . 99 64 29 . 34 . 3 1 1 Cannon 341 | . . 38 40 25 . . 2 5 . . . 7 4 . 1 . . 18 67 9 76 5 15 . 29 Launcher 38 | . . . . . . . . . 6 . . . . . 1 . . . 13 . . 10 . . 8 Special 159 | . . . . . . . . . . . . 3 . . . . . 9 24 10 30 15 8 38 22 Kinetic 494 | . 14 38 40 30 . 48 2 7 74 4 . . 2 3 5 . 24 64 24 . 109 5 . 1 . Thermal 266 | . . . . . . . . . 6 13 13 35 4 11 9 . 75 . 51 9 1 . 9 . 30 Explosive 21 | . . . . . . . . . 1 . . . . . 1 . . . 1 . . 10 . . 8 Electromagnetic 140 | . . . . 22 . . . . 58 . . . . . . . . 18 33 . . . 9 . . Robot Hit Streak 42 | . 6 5 6 26 . 32 . 5 42 15 6 17 4 9 4 . 12 22 23 4 19 13 7 17 13 Robot Miss Streak 6 | . 2 6 2 2 . 4 . . 3 2 2 3 2 3 4 . 6 4 3 2 5 1 3 5 3 Penetration Max 1 | . . . . . . . . . . . . . . . . . 1 1 . . 1 . . . . Secondary Targets 5 | . . . . . . . . . 3 . . . . . . . 2 . . . . . . . . Max Gunslinging Chain 1 | . . . . . . . . . 1 . . . . . . . 1 . . . . . . . . Autonomous 89 | . . . . . . . . . 28 4 . . . . . . 5 46 6 . . . . . . Shots Hit Robots 1014 | . 9 17 38 36 . 30 . 6 162 13 20 32 3 33 19 . 90 79 87 7 123 31 45 64 70 Core Hits 550 | . 4 12 14 17 . 15 . 2 87 3 15 41 3 33 20 . 71 28 53 . 32 26 11 16 47 Critical Kills 10 | . . . . . . . . . . . . 1 . . 3 . . . 1 . 3 1 . . 1 Critical Parts Destroyed 26 | . . . 5 . . . . . . . . . . 2 1 . . 2 . . 15 1 . . . Critical Strikes 76 | . . 1 6 1 . . . . 7 . . 1 . 7 4 . 2 4 3 . 26 2 5 2 5 Burn 3 | . . . . . . . . . . . . . . . . . 2 . 1 . . . . . . Meltdown 2 | . . . . . . . . . . . . 1 . . . . . . . . . . . . 1 Destroy 37 | . . . . . . . . . . . . . . 2 4 . . 2 1 . 26 2 . . . Blast 3 | . . 1 1 . . . . . . . . . . . . . . 1 . . . . . . . Corrupt 4 | . . . . 1 . . . . . . . . . . . . . 1 1 . . . 1 . . Smash 5 | . . . 5 . . . . . . . . . . . . . . . . . . . . . . Sever 22 | . . . . . . . . . 7 . . . . 5 . . . . . . . . 4 2 4 Melee Attacks 449 | . 1 . 23 . . . 9 4 46 . 21 . . 22 16 1 15 22 . 10 35 16 68 65 75 Impact 24 | . 1 . 23 . . . . . . . . . . . . . . . . . . . . . . Slashing 382 | . . . . . . . . 2 46 . 21 . . 22 16 1 9 20 . 10 11 16 68 65 75 Piercing 35 | . . . . . . . 9 2 . . . . . . . . . . . . 24 . . . . Sneak Attacks 39 | . . . . . . . . . . . 6 . . 6 4 . . . . . 1 3 2 6 11 Combat Hostiles 10 | . . . . . . . . . . . . . . . . . . . . . . . . 5 5 Follow-up Attacks 8 | . . . 3 . . . . . . . . . . . . . . . . . . . 3 2 . Damage Inflicted 36231 | . 104 310 908 654 . 539 . 147 4667 299 1077 709 63 848 788 . 1572 2301 2897 . 2900 2065 2246 4117 7020 Guns 9133 | . 104 . . 320 . 539 . 31 2226 299 137 587 38 295 314 . 1523 1609 618 . 426 . 67 . . Cannons 5600 | . . 310 580 331 . . . 68 . . . 122 25 . . . . 413 1095 . 1099 162 477 . 918 Explosions 6344 | . . . . . . . . . 763 . . . . . . . . . 1184 . . 1394 . . 3003 Melee 14906 | . . . 328 . . . . 48 1678 . 940 . . 553 474 . 49 279 . . 1375 350 1663 4117 3052 Ramming 248 | . . . . 3 . . . . . . . . . . . . . . . . . 159 39 . 47 Kinetic 7984 | . 104 310 580 357 . 539 . 99 1319 99 . . . 71 131 . 557 1609 522 . 1525 162 . . . Thermal 5079 | . . . . . . . . . 391 200 137 709 63 224 183 . 966 . 915 . . . 373 . 918 Explosive 4652 | . . . . . . . . . . . . . . . . . . . 255 . . 1394 . . 3003 Electromagnetic 3362 | . . . . 294 . . . . 1279 . . . . . . . . 413 1205 . . . 171 . . Impact 328 | . . . 328 . . . . . . . . . . . . . . . . . . . . . . Slashing 13419 | . . . . . . . . 48 1678 . 940 . . 553 474 . 49 279 . . 216 350 1663 4117 3052 Piercing 1159 | . . . . . . . . . . . . . . . . . . . . . 1159 . . . . Highest Corruption 35 | . . . . . . . . . . 2 . . . . 18 . 1 9 6 9 9 3 34 35 15 Average Corruption 11 | . . . . . . . . . . 1 . . . . 6 . 1 6 3 8 9 2 15 34 7 Corruption Purged 8 | . . . . . . . . . . . . . . . . . . 8 . . . . . . . Corruption Blocked . | . . . . . . . . . . . . . . . . . . . . . . . . . . Effects 293 | . . . . . . . . . . 14 . . . . 5 . 2 15 25 15 60 5 36 76 40 Message Errors 72 | . . . . . . . . . . 4 . . . . . . . 5 4 3 24 . 9 14 9 Matter Fused 64 | . . . . . . . . . . 1 . . . . 2 . 2 3 5 5 14 . 7 17 8 Heat Flow Errors 39 | . . . . . . . . . . 4 . . . . 1 . . 4 3 . 3 . 5 12 7 Energy Discharges 36 | . . . . . . . . . . . . . . . 1 . . 1 3 2 5 3 5 12 4 Parts Rejected 5 | . . . . . . . . . . . . . . . . . . . . . 1 . 1 1 2 Parts Fused 4 | . . . . . . . . . . . . . . . . . . . . 1 1 . . 1 1 Data Loss (minor) 35 | . . . . . . . . . . 2 . . . . . . . 1 5 4 6 . 3 10 4 Data Loss (major) 17 | . . . . . . . . . . 1 . . . . . . . 1 1 . 3 . 3 6 2 Misfires 6 | . . . . . . . . . . 1 . . . . . . . . 1 . . 2 . . 2 Alerts 7 | . . . . . . . . . . 1 . . . . . . . . 2 . 1 . 2 1 . Misdirections 5 | . . . . . . . . . . . . . . . 1 . . . . . . . 1 2 1 Weapon Failures 3 | . . . . . . . . . . . . . . . . . . . 1 . 2 . . . . Overload Shots . | . . . . . . . . . . . . . . . . . . . . . . . . . . Overflow Damage 2076 | . . . 117 . . . . . 71 . 148 . . 77 97 . 3 . 33 . 20 117 347 253 793 Projectiles 218 | . . . 17 . . . . . . . . . . . . . . . . . 20 . 79 . 102 Explosions 201 | . . . . . . . . . 21 . . . . . . . . . 33 . . 11 . . 136 Melee 1657 | . . . 100 . . . . . 50 . 148 . . 77 97 . 3 . . . . 106 268 253 555 Knockbacks 13 | . . 2 5 . . . . . . . . . . . . . . . . . 5 1 . . . Impact . | . . . . . . . . . . . . . . . . . . . . . . . . . . Kinetic 11 | . . 2 4 . . . . . . . . . . . . . . . . . 4 1 . . . Secondary 2 | . . . 1 . . . . . . . . . . . . . . . . . 1 . . . . Self-Inflicted Damage 372 | . . . . . . . . . 114 . . . . . 18 . . . 115 . . . . . 125 Shots 14 | . . . . . . . . . 3 . . . . . 1 . . . 7 . . . . . 3 Rammed 6 | . . . . 1 . . . . . . . . . . . . . . . . . . 1 . 4 Targets Rammed 12 | . . . . 1 . . . . . . . . . . . . . . . . . 4 1 . 6 Kicked 6 | . . . . . . . . . . . . . . . . . . . . . . 4 . . 2 Crushed . | . . . . . . . . . . . . . . . . . . . . . . . . . . Highest Temperature 554 | . 12 97 162 213 . 160 16 42 554 260 126 243 77 4 90 . 214 262 487 216 334 90 223 233 371 Average Temperature 86 | . 7 40 48 92 . 48 10 21 142 88 51 79 43 4 28 . 63 89 132 107 67 37 88 91 100 Received Heat Transfer 5356 | . 72 93 198 252 . 144 12 12 955 72 93 94 . 9 456 . 252 126 398 60 460 129 78 312 1079 Effects 15 | . . . . . . . . . 13 . . . . . . . . . 1 . 1 . . . . Shutdowns 1 | . . . . . . . . . 1 . . . . . . . . . . . . . . . . Energy Bleed 3 | . . . . . . . . . 1 . . . . . . . . . 1 . 1 . . . . Interference 5 | . . . . . . . . . 5 . . . . . . . . . . . . . . . . Short Circuit 1 | . . . . . . . . . 1 . . . . . . . . . . . . . . . . Damage (minor) 1 | . . . . . . . . . 1 . . . . . . . . . . . . . . . . Damage (major) 3 | . . . . . . . . . 3 . . . . . . . . . . . . . . . . Damage (core) 1 | . . . . . . . . . 1 . . . . . . . . . . . . . . . . Siege Activations 2 | . . . . . . . . . . . . . . . . . . . . . . . . . 2 Total Turns 13 | . . . . . . . . . . . . . . . . . . . . . . . . . 13 Longest Duration 9 | . . . . . . . . . . . . . . . . . . . . . . . . . 9 Robots Corrupted 11 | . . . . 1 . . . . 2 . . . . . . . . 2 5 . . . 1 . . Combat Hostiles 10 | . . . . 1 . . . . 1 . . . . . . . . 2 5 . . . 1 . . Parts Fried 26 | . . . 9 2 . . . . 5 . . . . . . . . 5 5 . . . . . . Impact Corruptions 7 | . . . 6 . . . . . . . . . . . . . . . . . . 1 . . . Robots Melted 25 | . . . . . . . . . . . 1 8 1 2 1 . 11 . . . . . . . 1 Combat Hostiles 23 | . . . . . . . . . . . 1 8 1 . 1 . 11 . . . . . . . 1 Parts Melted 78 | . . . . . . . . . . . 4 30 1 4 1 . 26 . 7 . . . . . 5 Heat Transferred 19377 | . . . . . . . . . 422 370 703 4893 400 2050 1700 . 7100 . 1073 . . . . . 666 Parts Sabotaged 2 | . . . . . . . . . . . . . . . 2 . . . . . . . . . . Parts Stolen . | . . . . . . . . . . . . . . . . . . . . . . . . . . Parts Stripped . | . . . . . . . . . . . . . . . . . . . . . . . . . . Power Chain Reactions 5 | . . . . . . . . . 4 . . . . . . . . . 1 . . . . . . Alert | -11 -10 -10 -9 -9 -9 -8 -8 -8 -8 -8 -6 -6 -6 -6 -6 -5 -5 -4 -4 -4 -4 -3 -3 -3 -2 ------- Run | Yrd Mat Min Mat Min Exi Min Mat Sto Gar Rec Fac Ext Cet Arc Hub Fac Gar Fac Gar Fac Gar Res Qua Gar Res Peak Influence 1277 | . 71 167 255 97 . 165 86 148 856 506 408 1032 655 418 1035 503 1277 676 1135 619 619 488 277 724 998 Initial 669 | . . 27 . 78 . . . 35 12 385 352 121 577 182 . 493 352 669 308 595 11 348 268 66 407 Average 318 | . 31 47 108 61 . 93 20 89 428 236 290 373 643 211 623 498 894 392 605 346 268 334 131 426 379 Maximum Alert Level 4 | . . . 1 . . . . . 3 2 2 3 2 2 3 2 4 2 4 2 2 2 1 3 3 Low Security (%) 41 | 100 100 100 86 100 . 100 100 100 24 52 11 18 . 35 28 . . 3 . 43 45 17 70 21 14 Level 1 27 | . . . 13 . . . . . 18 24 88 42 . 54 1 . 11 59 40 1 24 76 29 28 40 Level 2 20 | . . . . . . . . . 38 23 . 29 100 9 19 100 16 37 20 55 30 5 . 27 38 Level 3 8 | . . . . . . . . . 17 . . 9 . . 51 . 37 . 33 . . . . 22 6 Level 4 1 | . . . . . . . . . . . . . . . . . 34 . 5 . . . . . . Level 5 . | . . . . . . . . . . . . . . . . . . . . . . . . . . High Security . | . . . . . . . . . . . . . . . . . . . . . . . . . . Max Security . | . . . . . . . . . . . . . . . . . . . . . . . . . . Squads Dispatched 53 | . 2 . 6 1 . . . . . . 3 5 . . 13 . . 4 . 1 . 8 2 . 8 Investigation 14 | . . . 4 1 . . . . . . 1 2 . . 4 . . . . 1 . 1 . . . Extermination 10 | . . . . . . . . . . . 1 . . . . . . 2 . . . 1 2 . 4 Reinforcement 17 | . 2 . 2 . . . . . . . 1 2 . . 4 . . 1 . . . 2 . . 3 Assault 9 | . . . . . . . . . . . . 1 . . 5 . . 1 . . . 1 . . 1 Garrison 3 | . . . . . . . . . . . . . . . . . . . . . . 3 . . . Intercept . | . . . . . . . . . . . . . . . . . . . . . . . . . . Searches Triggered . | . . . . . . . . . . . . . . . . . . . . . . . . . . Construction Impeded 3 | . . . . . . . . . . . . . . . . . . . . . . 1 . . 2 Haulers Reinforced 1 | . . . . . . . . . . . . . . . 1 . . . . . . . . . . Active Scanning Responses . | . . . . . . . . . . . . . . . . . . . . . . . . . . Cargo Convoy Interrupts . | . . . . . . . . . . . . . . . . . . . . . . . . . . Alert ID Control Effect 25 | . . . . . . . . . . . . . . . . . 4 3 . 2 3 2 1 5 5 Stealth | -11 -10 -10 -9 -9 -9 -8 -8 -8 -8 -8 -6 -6 -6 -6 -6 -5 -5 -4 -4 -4 -4 -3 -3 -3 -2 --------- Run | Yrd Mat Min Mat Min Exi Min Mat Sto Gar Rec Fac Ext Cet Arc Hub Fac Gar Fac Gar Fac Gar Res Qua Gar Res Distress Signals 26 | . . . 3 . . . . . . . 2 . 1 . 4 . . 4 . . 2 3 1 . 6 Communications Jammed 32 | . . . . . . . . . . . . . . . . . . . . . . . . . 32 Distress Signals 32 | . . . . . . . . . . . . . . . . . . . . . . . . . 32 Times Spotted 604 | . 7 13 24 16 . 13 3 4 34 3 15 42 5 21 59 . 35 39 47 12 52 29 16 50 65 Peak Tracking Total 16 | . 3 3 4 6 . 4 3 2 5 1 3 6 5 1 13 . 5 7 9 7 11 12 4 16 14 Tactical Retreats 38 | . . 1 . . . 2 . . 2 . . 2 . . 1 . 7 6 7 1 4 1 . 1 3 Traps | -11 -10 -10 -9 -9 -9 -8 -8 -8 -8 -8 -6 -6 -6 -6 -6 -5 -5 -4 -4 -4 -4 -3 -3 -3 -2 ------- Run | Yrd Mat Min Mat Min Exi Min Mat Sto Gar Rec Fac Ext Cet Arc Hub Fac Gar Fac Gar Fac Gar Res Qua Gar Res Traps Triggered 39 | . . . 5 . . . . . 8 . 2 3 . . . . 3 . 4 3 6 1 . 4 . Indirectly 2 | . . . . . . . . . 2 . . . . . . . . . . . . . . . . Trap Hack Attempts . | . . . . . . . . . . . . . . . . . . . . . . . . . . Triggered . | . . . . . . . . . . . . . . . . . . . . . . . . . . Disarmed . | . . . . . . . . . . . . . . . . . . . . . . . . . . Reprogrammed . | . . . . . . . . . . . . . . . . . . . . . . . . . . Reused . | . . . . . . . . . . . . . . . . . . . . . . . . . . Traps Extracted . | . . . . . . . . . . . . . . . . . . . . . . . . . . Installed . | . . . . . . . . . . . . . . . . . . . . . . . . . . Triggered 1 | . . . . . . . . . . . . . . . 1 . . . . . . . . . . Machines | -11 -10 -10 -9 -9 -9 -8 -8 -8 -8 -8 -6 -6 -6 -6 -6 -5 -5 -4 -4 -4 -4 -3 -3 -3 -2 ---------- Run | Yrd Mat Min Mat Min Exi Min Mat Sto Gar Rec Fac Ext Cet Arc Hub Fac Gar Fac Gar Fac Gar Res Qua Gar Res Machines Disabled 37 | . . . . 1 . . . 1 1 . . 3 2 . 3 . 4 1 3 . 3 1 2 7 5 Max in Single Turn 1 | . . . . 1 . . . 1 1 . . . . . . . 1 1 1 . 1 . 1 1 1 Garrison Access 2 | . . . . . . . . . . . . . . . . . . 1 . . . 1 . . . Garrison Relay 15 | . . . . . . . . . 1 . . . . . . . 4 . 2 . 3 . . 5 . Network Hub 4 | . . . . . . . . . . . . . . . 4 . . . . . . . . . . Energy Cycler 1 | . . . . . . . . . . . . 1 . . . . . . . . . . . . . Machines Repaired . | . . . . . . . . . . . . . . . . . . . . . . . . . . Machines Dismantled . | . . . . . . . . . . . . . . . . . . . . . . . . . . Machines Sabotaged . | . . . . . . . . . . . . . . . . . . . . . . . . . . Overloaded Fab Kills . | . . . . . . . . . . . . . . . . . . . . . . . . . . Hacking | -11 -10 -10 -9 -9 -9 -8 -8 -8 -8 -8 -6 -6 -6 -6 -6 -5 -5 -4 -4 -4 -4 -3 -3 -3 -2 --------- Run | Yrd Mat Min Mat Min Exi Min Mat Sto Gar Rec Fac Ext Cet Arc Hub Fac Gar Fac Gar Fac Gar Res Qua Gar Res Machines Accessed 100 | . 1 . 9 1 1 . 3 5 2 7 5 14 2 . 10 2 3 1 2 5 3 5 8 1 10 Terminals 80 | . 1 . 7 . . . 3 4 2 4 3 14 2 . 10 . 3 . 2 3 3 3 6 1 9 Fabricators 2 | . . . . . . . . . . . 1 . . . . . . . . 1 . . . . . Repair Stations 1 | . . . . . . . . . . . . . . . . 1 . . . . . . . . . Recycling Units 6 | . . . 2 . . . . . . 3 . . . . . . . . . . . 1 . . . Scanalyzers 1 | . . . . . . . . . . . . . . . . . . . . . . . 1 . . Garrison Access 8 | . . . . . . . . 1 . . 1 . . . . 1 . 1 . 1 . 1 1 . 1 Total Hacks 268 | . 3 . 22 1 1 . 9 10 6 24 10 38 4 . 26 4 3 1 2 15 5 21 22 1 40 Successful 105 | . 1 . 7 1 1 . 2 4 2 9 4 11 1 . 12 2 3 1 2 5 2 6 12 1 16 Failed 163 | . 2 . 15 . . . 7 6 4 15 6 27 3 . 14 2 . . . 10 3 15 10 . 24 Catastrophic 43 | . 2 . 3 . . . 2 1 . 4 1 5 . . 2 . . . . 5 1 4 5 . 8 Database Lockouts . | . . . . . . . . . . . . . . . . . . . . . . . . . . Manual 121 | . 2 . 15 . 1 . 8 1 . 14 4 13 1 . 18 . . . . 6 . 8 10 . 20 Terminals 227 | . 3 . 19 . . . 9 9 6 16 5 38 4 . 26 . 3 . 2 13 5 14 17 1 37 Fabricators 3 | . . . . . . . . . . . 2 . . . . . . . . 1 . . . . . Repair Stations 3 | . . . . . . . . . . . . . . . . 3 . . . . . . . . . Recycling Units 15 | . . . 3 . . . . . . 8 . . . . . . . . . . . 4 . . . Scanalyzers 4 | . . . . . . . . . . . . . . . . . . . . . . . 4 . . Garrison Access 14 | . . . . . . . . 1 . . 3 . . . . 1 . 1 . 1 . 3 1 . 3 Terminal Hacks 69 | . 1 . 4 1 1 . 2 3 2 4 2 11 1 . 7 . 3 . 2 3 2 3 7 1 9 Record 6 | . . . . . . . 2 . . . . . 1 . . . . . . . . . 3 . . Part Schematic 4 | . . . . . . . . . . 3 . . . . . . . . . . . . . . 1 Robot Analysis 5 | . . . . . . . . . . . . 3 . . 1 . . . . . . . . . 1 Prototype ID Bank 5 | . 1 . . . . . . . . 1 1 . . . . . . . . . . . 1 . 1 Open Door 12 | . . . . 1 . . . 2 1 . . 5 . . . . . . 1 . 1 1 . . . Branch Access Points 5 | . . . 1 . . . . . . . 1 . . . . . . . . . . 1 1 . 1 Emergency Access Points 4 | . . . . . . . . . . . . . . . . . 1 . 1 . 1 . . 1 . Machine Index 1 | . . . . . . . . . . . . . . . 1 . . . . . . . . . . Terminal Index 5 | . . . 1 . . . . . . . . . . . 1 . . . . 1 . . 1 . 1 Garrison Index 1 | . . . . . . . . . . . . . . . 1 . . . . . . . . . . Unreport Threat 9 | . . . . . . . . . . . . 2 . . 3 . . . . 1 . . 1 . 2 Zone Layout 8 | . . . 2 . . . . 1 . . . 1 . . . . . . . 1 . 1 . . 2 Garrison Registry 1 | . . . . . . . . . 1 . . . . . . . . . . . . . . . . Patrol Navigation 1 | . . . . . . . . . . . . . . . . . 1 . . . . . . . . Security Stations 1 | . . . . . . . . . . . . . . . . . 1 . . . . . . . . Derelict Proto ID Bank 1 | . . . . . 1 . . . . . . . . . . . . . . . . . . . . Fabricator Hacks 1 | . . . . . . . . . . . . . . . . . . . . 1 . . . . . Build 1 | . . . . . . . . . . . . . . . . . . . . 1 . . . . . Repair Station Hacks 1 | . . . . . . . . . . . . . . . . 1 . . . . . . . . . Scan Component 1 | . . . . . . . . . . . . . . . . 1 . . . . . . . . . Recycling Unit Hacks 2 | . . . . . . . . . . 2 . . . . . . . . . . . . . . . Retrieve Components 2 | . . . . . . . . . . 2 . . . . . . . . . . . . . . . Scanalyzer 2 | . . . . . . . . . . . . . . . . . . . . . . . 2 . . Insert Component 2 | . . . . . . . . . . . . . . . . . . . . . . . 2 . . Garrison Access Hacks 8 | . . . . . . . . 1 . . 1 . . . . 1 . 1 . 1 . 1 1 . 1 Unlock Access 5 | . . . . . . . . 1 . . . . . . . 1 . 1 . 1 . . 1 . . Coupler Status 3 | . . . . . . . . . . . 1 . . . . . . . . . . 1 . . 1 Unauthorized Hacks 22 | . . . 3 . . . . . . 3 1 . . . 5 . . . . . . 2 2 . 6 Terminals 16 | . . . 1 . . . . . . . 1 . . . 5 . . . . . . 1 2 . 6 Botnet 12 | . . . 1 . . . . . . . 1 . . . 3 . . . . . . 1 2 . 4 Disrupt 1 | . . . . . . . . . . . . . . . . . . . . . . . . . 1 Operators 1 | . . . . . . . . . . . . . . . . . . . . . . . . . 1 Sabotage 2 | . . . . . . . . . . . . . . . 2 . . . . . . . . . . Fabricators . | . . . . . . . . . . . . . . . . . . . . . . . . . . Repair Stations . | . . . . . . . . . . . . . . . . . . . . . . . . . . Recycling Units 5 | . . . 2 . . . . . . 3 . . . . . . . . . . . . . . . Tunnel 5 | . . . 2 . . . . . . 3 . . . . . . . . . . . . . . . Scanalyzers . | . . . . . . . . . . . . . . . . . . . . . . . . . . Garrison Access 1 | . . . . . . . . . . . . . . . . . . . . . . 1 . . . Eject 1 | . . . . . . . . . . . . . . . . . . . . . . 1 . . . Data Cores Recovered 1 | . . . . . . . . . . . . 1 . . . . . . . . . . . . . Used 1 | . . . . . . . . . . . . 1 . . . . . . . . . . . . . Hacking Detections 76 | . 1 . 7 . . . 3 4 2 6 4 12 2 . 8 1 1 . 1 4 2 4 4 . 10 Full Trace Events 9 | . . . . . . . . . . 4 1 2 . . 2 . . . . . . . . . . Feedback Events 2 | . . . . . . . . . . 2 . . . . . . . . . . . . . . . Corruption 2 | . . . . . . . . . . 2 . . . . . . . . . . . . . . . Feedback Blocked . | . . . . . . . . . . . . . . . . . . . . . . . . . . Robot Schematics Acquired . | . . . . . . . . . . . . . . . . . . . . . . . . . . Robots Built 3 | . . . . . . . . . . . . . . . . . . . . 3 . . . . . Authchips . | . . . . . . . . . . . . . . . . . . . . . . . . . . Time 62 | . . . . . . . . . . . . . . . . . . . . 62 . . . . . Total Robot Build Rating 21 | . . . . . . . . . . . . . . . . . . . . 21 . . . . . Part Schematics Acquired 4 | . . . . . . . . . . 3 . . . . . . . . . . . . . . 1 Parts Built . | . . . . . . . . . . . . . . . . . . . . . . . . . . Authchips . | . . . . . . . . . . . . . . . . . . . . . . . . . . Time . | . . . . . . . . . . . . . . . . . . . . . . . . . . Total Part Build Rating . | . . . . . . . . . . . . . . . . . . . . . . . . . . Parts Repaired . | . . . . . . . . . . . . . . . . . . . . . . . . . . Time . | . . . . . . . . . . . . . . . . . . . . . . . . . . Parts Recycled . | . . . . . . . . . . . . . . . . . . . . . . . . . . Recycled Matter . | . . . . . . . . . . . . . . . . . . . . . . . . . . Retrieved Matter . | . . . . . . . . . . . . . . . . . . . . . . . . . . Retrieved Components 7 | . . . . . . . . . . 7 . . . . . . . . . . . . . . . Parts Scanalyzed . | . . . . . . . . . . . . . . . . . . . . . . . . . . Part Schematics Acquired . | . . . . . . . . . . . . . . . . . . . . . . . . . . Parts Damaged . | . . . . . . . . . . . . . . . . . . . . . . . . . . Bothacking | -11 -10 -10 -9 -9 -9 -8 -8 -8 -8 -8 -6 -6 -6 -6 -6 -5 -5 -4 -4 -4 -4 -3 -3 -3 -2 ------------ Run | Yrd Mat Min Mat Min Exi Min Mat Sto Gar Rec Fac Ext Cet Arc Hub Fac Gar Fac Gar Fac Gar Res Qua Gar Res Used RIF Installer 5 | . . . . . . . . . 1 . . . . . . . 1 . 1 . 1 . . 1 . Code Merge 1 | . . . . . . . . . . . . . . . . . . . . . . . . 1 . Robot Detection 1 | . . . . . . . . . . . . . . . . . . . . . 1 . . . . Patrol Navigation 1 | . . . . . . . . . . . . . . . . . . . 1 . . . . . . Alert ID Control 1 | . . . . . . . . . . . . . . . . . 1 . . . . . . . . Robots Hacked 95 | . . . . . . . . . . . . . . . . . 5 5 13 3 17 11 2 24 15 Non-combat 8 | . . . . . . . . . . . . . . . . . . 1 . 2 . 3 1 . 1 Combat 87 | . . . . . . . . . . . . . . . . . 5 4 13 1 17 8 1 24 14 Robot Hacks Applied 116 | . . . . . . . . . . . . . . . . . 5 9 15 6 20 14 3 28 16 parse_system 6 | . . . . . . . . . . . . . . . . . . . . . 3 . . 1 2 map_earth 2 | . . . . . . . . . . . . . . . . . . . . . . 2 . . . drop_inventory 2 | . . . . . . . . . . . . . . . . . . . . 1 . 1 . . . check_alert 1 | . . . . . . . . . . . . . . . . . . . . 1 . . . . . purge_threat 6 | . . . . . . . . . . . . . . . . . . 3 . 3 . . . . . map_route 1 | . . . . . . . . . . . . . . . . . . . . . . . . . 1 find_garrison 1 | . . . . . . . . . . . . . . . . . . 1 . . . . . . . link_complan 1 | . . . . . . . . . . . . . . . . . . . 1 . . . . . . disrupt_area 1 | . . . . . . . . . . . . . . . . . . . . . 1 . . . . overload_power 3 | . . . . . . . . . . . . . . . . . . . 1 . . . . . 2 amplify_resonance 8 | . . . . . . . . . . . . . . . . . . . . . 3 . 1 4 . wipe_record 5 | . . . . . . . . . . . . . . . . . . . . . . 4 1 . . disable_weapons 1 | . . . . . . . . . . . . . . . . . . . 1 . . . . . . reboot_system 4 | . . . . . . . . . . . . . . . . . . . 1 . 1 . . . 2 go_dormant 3 | . . . . . . . . . . . . . . . . . . . . . 1 1 . 1 . overwrite_iff 41 | . . . . . . . . . . . . . . . . . . 3 6 . 6 1 1 17 7 streamctrl_high 6 | . . . . . . . . . . . . . . . . . . . 2 . . 1 . 1 2 formatsys_low 1 | . . . . . . . . . . . . . . . . . . 1 . . . . . . . formatsys_high 23 | . . . . . . . . . . . . . . . . . 5 1 3 1 5 4 . 4 . Relay Couplers Released 72 | . . . . . . . . . 4 . . . . . . . 16 2 9 . 12 4 . 25 . Ejected 3 | . . . . . . . . . . . . . . . . . . . . . . 3 . . . Machine Destruction 69 | . . . . . . . . . 4 . . . . . . . 16 2 9 . 12 1 . 25 . Attached 43 | . . . . . . . . . . . . . . . . . 4 5 5 1 6 6 2 10 4 Merged Code Value 67 | . . . . . . . . . . . . . . . . . . . . . . . . 67 . Fabnet Peak Effective % . | . . . . . . . . . . . . . . . . . . . . . . . . . . Robots Rewired 26 | . . . . . . . . . . . . 11 . . . . . . 3 . 12 . . . . Allies Hacked 1 | . . . . . . . . . . . . . . . . . . . 1 . . . . . . Hacks Repelled . | . . . . . . . . . . . . . . . . . . . . . . . . . . Allies | -11 -10 -10 -9 -9 -9 -8 -8 -8 -8 -8 -6 -6 -6 -6 -6 -5 -5 -4 -4 -4 -4 -3 -3 -3 -2 -------- Run | Yrd Mat Min Mat Min Exi Min Mat Sto Gar Rec Fac Ext Cet Arc Hub Fac Gar Fac Gar Fac Gar Res Qua Gar Res Total Allies 116 | . . . . . . . . . 1 . . 19 5 . . . 7 5 14 4 25 6 1 20 9 Largest Group 17 | . . . . . . . . . 1 . . 17 9 9 7 . 5 3 4 3 9 2 1 4 2 Highest-Rated Group 698 | . . . . . . . . . 31 . . 631 698 698 545 . 227 129 104 144 427 180 47 213 133 Highest-Rated Ally 159 | . . . . . . . . . 31 . . 159 139 117 96 . 80 116 51 49 75 137 47 116 69 Total Orders 39 | . . . . . . . . . . . . . . 2 1 . . . . 10 7 5 . 8 6 STAY 8 | . . . . . . . . . . . . . . 1 1 . . . . 1 3 2 . . . FOLLOW 6 | . . . . . . . . . . . . . . 1 . . . . . 1 4 . . . . EXPLORE 12 | . . . . . . . . . . . . . . . . . . . . 4 . 1 . 4 3 RETURN 13 | . . . . . . . . . . . . . . . . . . . . 4 . 2 . 4 3 Ally Attacks 708 | . . . . . . . . . 5 . . 148 50 18 113 . 31 28 47 27 125 28 4 55 29 Total Damage 21017 | . . . . . . . . . 64 . . 2794 934 549 4161 . 1448 729 1002 949 3845 1420 157 2315 650 Kills 119 | . . . . . . . . . . . . 27 5 4 31 . 8 3 . 5 14 4 1 12 5 Allies Corrupted 5 | . . . . . . . . . . . . . . . 1 . . 1 . 1 1 . . 1 . Allies Melted 1 | . . . . . . . . . . . . . . . 1 . . . . . . . . . . Intel | -11 -10 -10 -9 -9 -9 -8 -8 -8 -8 -8 -6 -6 -6 -6 -6 -5 -5 -4 -4 -4 -4 -3 -3 -3 -2 ------- Run | Yrd Mat Min Mat Min Exi Min Mat Sto Gar Rec Fac Ext Cet Arc Hub Fac Gar Fac Gar Fac Gar Res Qua Gar Res Robot Analysis Total 5 | . . . . . . . . . . . . 3 . . 1 . . . . . . . . . 1 Derelict Logs Recovered 2 | . . 1 . 1 . . . . . . . . . . . . . . . . . . . . . Drone Launches 20 | . . . . . . . . . . . . . . . . . . . . 5 . 4 . 6 5 Drone Recoveries 13 | . . . . . . . . . . . . . . . . . . . . 5 . 2 . 4 2 Exploration | -11 -10 -10 -9 -9 -9 -8 -8 -8 -8 -8 -6 -6 -6 -6 -6 -5 -5 -4 -4 -4 -4 -3 -3 -3 -2 ------------- Run | Yrd Mat Min Mat Min Exi Min Mat Sto Gar Rec Fac Ext Cet Arc Hub Fac Gar Fac Gar Fac Gar Res Qua Gar Res Turns Passed 25305 | 82 339 1252 1369 1015 829 910 317 465 1375 1674 1027 1130 404 1232 701 138 1142 1167 1274 542 1721 877 1044 1600 1679 Spaces Moved 13037 | 44 171 612 573 439 431 425 141 196 543 465 568 554 139 356 536 103 574 821 719 466 910 738 505 1085 923 Core 27 | 2 . . . . . . . . . . . . . . . . . . . . . . . . 25 Treads 1296 | 42 162 . . . . . . . . 60 40 187 101 . . . . . 2 11 176 . 141 263 111 Legs 5853 | . 9 612 370 15 . . . . 2 328 173 . . . 64 103 574 138 477 455 734 738 91 195 775 Wheels 2793 | . . . 203 424 431 425 141 196 541 77 355 . . . . . . . . . . . . . . Hover 2649 | . . . . . . . . . . . . 367 38 356 472 . . 451 240 . . . 91 622 12 Flight 419 | . . . . . . . . . . . . . . . . . . 232 . . . . 182 5 . Fastest Speed 50 | 50 160 190 175 175 190 175 190 190 140 145 120 103 164 113 113 122 122 90 96 96 96 76 73 79 50 Average Speed 144 | 155 161 190 196 202 190 189 190 190 171 277 142 134 195 121 114 122 144 115 127 96 127 92 122 98 118 Slowest Speed 750 | 160 190 190 260 750 190 190 190 190 400 412 197 224 248 164 122 122 170 181 181 96 222 139 177 177 256 Overloaded Moves . | . . . . . . . . . . . . . . . . . . . . . . . . . . Propulsion Burnouts . | . . . . . . . . . . . . . . . . . . . . . . . . . . Robots Hopped 1 | . . . . . . . . . . . . . . . . . . 1 . . . . . . . Cave-ins Triggered . | . . . . . . . . . . . . . . . . . . . . . . . . . . Exploration Rate (%) 55 | 4 32 98 63 81 74 79 22 25 62 92 17 79 70 96 73 4 74 20 65 21 87 20 67 81 40 Regions Visited 25 Branch Regions 11 Pre-discovered Areas 5 | . . . 2 . . . . . . 3 . . . . . . . . . . . . . . . Known Exits Taken 10 | . . . 1 . . 1 1 1 . . 1 . . . . 1 . 1 . 1 . 1 1 . . Unknown Exits Taken 10 | 1 1 1 . 1 1 . . . . 1 . 1 1 1 1 . . . . . . . . . . Scrap Searched 3 | . . . . 2 . 1 . . . . . . . . . . . . . . . . . . . Spaces Dug 156 | . 1 . 2 . . . 11 2 1 . 8 . . . 23 1 . 14 8 11 . 9 14 6 45 Terrain Destroyed 478 | . 1 . 8 4 . . 11 3 10 5 8 1 1 2 24 1 4 29 10 11 2 108 15 6 214 Melee 121 | . 1 . 2 . . . 9 2 1 . 8 . . . 8 1 . 14 . 9 . 8 14 6 38 Projectile 65 | . . . 6 4 . . 2 1 7 5 . 1 1 2 1 . 4 15 2 2 2 1 1 . 8 AOE 292 | . . . . . . . . . 2 . . . . . 15 . . . 8 . . 99 . . 168 Terrain Rammed . | . . . . . . . . . . . . . . . . . . . . . . . . . . Walls Destroyed . | . . . . . . . . . . . . . . . . . . . . . . . . . . Machines Disabled . | . . . . . . . . . . . . . . . . . . . . . . . . . . Actions | -11 -10 -10 -9 -9 -9 -8 -8 -8 -8 -8 -6 -6 -6 -6 -6 -5 -5 -4 -4 -4 -4 -3 -3 -3 -2 --------- Run | Yrd Mat Min Mat Min Exi Min Mat Sto Gar Rec Fac Ext Cet Arc Hub Fac Gar Fac Gar Fac Gar Res Qua Gar Res Total 18193 | 55 220 667 741 510 444 488 178 282 815 845 761 909 270 1098 597 115 793 988 970 539 1327 889 842 1535 1315 Wait 2494 | . 17 25 52 7 . 27 16 25 27 339 101 204 116 681 12 1 53 17 76 3 112 52 161 237 133 Move 13005 | 43 170 611 572 438 430 424 140 195 541 464 567 553 138 355 535 102 572 818 717 465 908 737 504 1083 923 Hop 1 | . . . . . . . . . . . . . . . . . . 1 . . . . . . . Pick Up 362 | 6 12 3 28 16 6 4 4 14 26 12 17 13 3 8 2 3 21 21 24 10 22 11 23 25 28 Fast Attach 89 | 6 2 . 9 . . 1 . 7 9 1 3 5 . 4 2 . . 4 2 6 8 2 7 6 5 Attach 190 | . 1 1 5 9 . 3 2 . 13 4 10 7 1 1 7 4 11 21 14 4 19 11 7 13 22 Detach 79 | . 1 . . . . . . . . 2 9 3 2 1 6 1 6 10 4 2 13 4 3 6 6 Swap 249 | . 4 4 17 5 2 2 4 10 32 . 7 6 2 6 2 1 16 12 19 5 17 13 21 7 35 Drop 332 | . 5 4 19 8 6 3 1 22 19 16 19 17 6 9 3 2 21 17 20 16 19 4 26 21 29 Fire 741 | . 7 19 20 26 . 24 2 5 62 7 7 20 2 11 12 . 75 44 93 19 141 28 25 39 53 Melee 437 | . 1 . 19 . . . 9 4 46 . 21 . . 22 16 1 15 22 . 9 35 16 64 62 75 Ram 2 | . . . . . . . . . . . . . . . . . . . . . . . . . 2 Kick 6 | . . . . . . . . . . . . . . . . . . . . . . 4 . . 2 Crush 4 | . . . . 1 . . . . . . . . . . . . . . . . . . 1 . 2 Escape Stasis 123 | . . . . . . . . . 40 . . 28 . . . . . . . . 15 5 . 35 . Rewire 79 | . . . . . . . . . . . . 53 . . . . 3 1 1 . 18 2 . 1 . Trap . | . . . . . . . . . . . . . . . . . . . . . . . . . . Miscellaneous . | . . . . . . . . . . . . . . . . . . . . . . . . . . Route ------- -11/Scrapyard -10/Materials -10/Mines (discovered 2 exits: *Mat x2) -9/Materials (discovered 4 exits: *Mat x2 / *Min x2) -9/Mines (discovered 3 exits: *Mat x2 / *Exi) -9/Exiles (discovered 2 exits: [*Min x2]) -8/Mines -8/Materials -8/Storage -8/Garrison (discovered 3 exits: *Rec x3) -8/Recycling -6/Factory (discovered 4 exits: Low x2 / *Ext x2) -6/Extension (discovered 2 exits: *Fac / *Cet) -6/Cetus -6/Archives (discovered 3 exits: *Fac / *Hub x2) -6/Hub_04(d) (discovered 4 exits: *Fac x4) -5/Factory -5/Garrison (discovered 3 exits: *Fac x3) -4/Factory -4/Garrison (discovered 3 exits: *Fac x3) -4/Factory (discovered 3 exits: *Res / [*Upp] / Gar) -4/Garrison (discovered 3 exits: *Res x3) -3/Research (discovered 2 exits: *Qua x2) -3/Quarantine (discovered 2 exits: *Res / Gar) -3/Garrison (discovered 3 exits: *Res x3) -2/Research (discovered 2 exits: *Tes x2) History --------- Turn | Location | Event 2 | -11/Scrapyard | Met Revision 17 42 | -11/Scrapyard | Discovered new exit (range 15) 83 | -11/Scrapyard | Entered Materials 302 | -10/Materials | Build established: Mutant 363 | -10/Materials | Discovered new exit (range 9) 422 | -10/Materials | Entered Mines 738 | -10/Mines | Discovered new exit (range 14) 1547 | -10/Mines | Discovered new exit (range 12) 1674 | -10/Mines | Entered Materials 1674 | -9/Materials | Evolved 2 slots: Utility x2 1944 | -9/Materials | Discovered new exit (range 14) 2859 | -9/Materials | Discovered new exit (range 7) 2872 | -9/Materials | Identified exit to Materials 2917 | -9/Materials | Identified exit to Mines 3043 | -9/Materials | Entered Mines 3075 | -9/Mines | Assembled infested the area 3160 | -9/Mines | Core integrity fell below 50% 3213 | -9/Mines | Discovered exit to Materials (range 16) 3470 | -9/Mines | Discovered exit to Materials (range 6) 3590 | -9/Mines | A weapon hastily lodged in a ceiling crevice suddenly fell to the ground 3685 | -9/Mines | Lost 4 parts (1p1n1u1w) 3990 | -9/Mines | Met a Derelict shopkeep closing up shop 4048 | -9/Mines | Deemed a non-threat by the Exiles lab entrance 4050 | -9/Mines | Discovered new exit (range 5) 4058 | -9/Mines | Entered Exiles 4118 | -9/Exiles | Discovered new exit (range 14) 4175 | -9/Exiles | Met 8R-AWN 4205 | -9/Exiles | Met EX-HEX 4300 | -9/Exiles | Met EX-DEC 4452 | -9/Exiles | Discovered new exit (range 14) 4591 | -9/Exiles | Met EX-BIN 4617 | -9/Exiles | Aligned with FarCom system 4619 | -9/Exiles | Given EX-Vault access code 4674 | -9/Exiles | Opened EX-Vault 4688 | -9/Exiles | Found Longsword +1 4693 | -9/Exiles | Found Skeleton Box 4700 | -9/Exiles | Found AWS/Gauss 4743 | -9/Exiles | Warned to stay clear of 0b10 Research branches 4887 | -9/Exiles | Stole three prototypes: Skeleton Box, AWS/Gauss, Longsword +1 4887 | -9/Exiles | Entered Mines 5148 | -8/Mines | Discovered exit to Materials (range 16) 5340 | -8/Mines | Build established: Scavenger-Mutant 5797 | -8/Mines | Entered Materials 5797 | -8/Materials | Evolved 2 slots: Utility x2 5798 | -8/Materials | Identified exit to Storage 6114 | -8/Materials | Entered Storage 6525 | -8/Storage | Build established: Mutant 6576 | -8/Storage | Identified exit to Garrison 6579 | -8/Storage | Entered Garrison 6609 | -8/Garrison | Triggered checkpoint 6915 | -8/Garrison | Triggered checkpoint 6962 | -8/Garrison | Rescued a captive Derelict 7026 | -8/Garrison | Discovered new exit (range 12) 7265 | -8/Garrison | Triggered checkpoint 7329 | -8/Garrison | Garrison Relay disabled 7335 | -8/Garrison | Core integrity fell below 50% 7385 | -8/Garrison | Lost 6 parts (2n3u1w) 7404 | -8/Garrison | Discovered new exit (range 54) 7404 | -8/Garrison | Discovered new exit (range 15) 7404 | -8/Garrison | Discovered new exit (range 50) 7519 | -8/Garrison | Installed Relay Interface Framework 7581 | -8/Garrison | Triggered checkpoint 7639 | -8/Garrison | Triggered checkpoint 7640 | -8/Garrison | Build established: Scavenger-Mutant 7805 | -8/Garrison | Triggered checkpoint 7857 | -8/Garrison | Lost 6 parts (1p2n3u) 7954 | -8/Garrison | Entered Recycling 7956 | -8/Recycling | Core integrity fell below 20% 7958 | -8/Recycling | Found Scrap Engine 8460 | -8/Recycling | Build established: Construct 9551 | -8/Recycling | Discovered new exit (range 7) 9628 | -8/Recycling | Entered Factory 9628 | -6/Factory | Evolved 4 slots: Propulsion x3, Weapon x1 9630 | -6/Factory | FarCom data flow suspended 9656 | -6/Factory | Identified exit to Lower Caves 9656 | -6/Factory | Identified exit to Extension 9932 | -6/Factory | Build established: Mutant 10249 | -6/Factory | Build established: Construct 10655 | -6/Factory | Entered Extension 10787 | -6/Extension | Rescued A7 10885 | -6/Extension | Rescued a captive Derelict 10956 | -6/Extension | Rescued a captive Derelict 10979 | -6/Extension | Build established: Commander-Construct 11000 | -6/Extension | Rescued a captive Derelict 11002 | -6/Extension | Spotted B-75 Beast 11006 | -6/Extension | Destroyed B-75 Beast 11008 | -6/Extension | Rescued a captive Derelict 11011 | -6/Extension | Spotted B-75 Beast 11014 | -6/Extension | Destroyed B-75 Beast 11075 | -6/Extension | Rescued a captive Derelict 11532 | -6/Extension | Energy Cycler disabled 11532 | -6/Extension | Rescued a captive Derelict 11534 | -6/Extension | Rescued a captive Derelict 11563 | -6/Extension | Lost 10 allies 11705 | -6/Extension | First assault squad dispatched 11720 | -6/Extension | Found Prototype Protection 11720 | -6/Extension | Identified Med. Regenerative Plating 11731 | -6/Extension | Discovered new exit (range 10) 11733 | -6/Extension | Discovered new exit (range 6) 11785 | -6/Extension | Entered Cetus 11785 | -6/Cetus | Accompanied by 8 allies (A7) 11790 | -6/Cetus | Acquired a Cetus Manufacturing Module code from A7 11809 | -6/Cetus | Spotted Cetus Guard 11809 | -6/Cetus | Spotted Cetus Guard 11812 | -6/Cetus | Allies destroyed Cetus Guard 11813 | -6/Cetus | Spotted Cetus Guard 11813 | -6/Cetus | Spotted Cetus Guard 11824 | -6/Cetus | Build established: Construct 11827 | -6/Cetus | Allies destroyed Cetus Guard 11829 | -6/Cetus | Destroyed Cetus Guard 11829 | -6/Cetus | Allies destroyed Cetus Guard 11858 | -6/Cetus | Lost 4 allies 12005 | -6/Cetus | Started Cetus Manufacturing Module 12030 | -6/Cetus | Manufactured an Enhanced Grunt 12031 | -6/Cetus | Remotely autohacked Sealed Heavy Doors 12034 | -6/Cetus | Escorted A7 to Cetus Mainframe 12055 | -6/Cetus | Manufactured an Enhanced Grunt 12080 | -6/Cetus | Manufactured an Enhanced Grunt 12085 | -6/Cetus | Discovered new exit (range 16) 12105 | -6/Cetus | Manufactured an Enhanced Grunt 12130 | -6/Cetus | Manufactured an Enhanced Grunt 12189 | -6/Cetus | Entered Archives 12189 | -6/Archives | Accompanied by 9 allies (A7) 12194 | -6/Archives | Received a hacking code to weaken MAIN.C 12233 | -6/Archives | Discovered new exit (range 16) 12266 | -6/Archives | Discovered new exit (range 15) 12356 | -6/Archives | Discovered new exit (range 16) 12376 | -6/Archives | Build established: Commander-Construct 13421 | -6/Archives | Entered Hub_04(d) 13421 | -6/Hub_04(d) | Accompanied by 7 allies 13466 | -6/Hub_04(d) | Discovered new exit (range 13) 13613 | -6/Hub_04(d) | Spotted B-75 Beast 13618 | -6/Hub_04(d) | Destroyed B-75 Beast 13650 | -6/Hub_04(d) | Discovered new exit (range 11) 13713 | -6/Hub_04(d) | Discovered new exit (range 15) 13771 | -6/Hub_04(d) | First assault squad dispatched 13814 | -6/Hub_04(d) | Lost 3 allies 13885 | -6/Hub_04(d) | Network Hub disabled 13885 | -6/Hub_04(d) | Network Hub disabled 13917 | -6/Hub_04(d) | Lost 4 allies 14098 | -6/Hub_04(d) | Spotted Lightning 14098 | -6/Hub_04(d) | Spotted Lightning 14108 | -6/Hub_04(d) | Spotted Lightning 14111 | -6/Hub_04(d) | System corruption reached 10% 14112 | -6/Hub_04(d) | Network Hub disabled 14112 | -6/Hub_04(d) | Spotted Lightning 14112 | -6/Hub_04(d) | Discovered new exit (range 9) 14115 | -6/Hub_04(d) | Network Hub disabled 14115 | -6/Hub_04(d) | Spotted Lightning 14115 | -6/Hub_04(d) | Spotted Lightning 14117 | -6/Hub_04(d) | Core integrity fell below 50% 14122 | -6/Hub_04(d) | Entered Factory 14122 | -5/Factory | Evolved 2 slots: Propulsion x1, Utility x1 14257 | -5/Factory | Identified exit to Garrison 14260 | -5/Factory | Entered Garrison 14326 | -5/Garrison | Expanded RIF knowledge: Alert ID Control 14376 | -5/Garrison | Triggered checkpoint 14411 | -5/Garrison | Garrison Relay disabled 14479 | -5/Garrison | Spotted B-75 Beast 14490 | -5/Garrison | Triggered checkpoint 14507 | -5/Garrison | Destroyed B-75 Beast 14540 | -5/Garrison | Triggered checkpoint 14605 | -5/Garrison | Destroyed 11 combat bots 14676 | -5/Garrison | Triggered checkpoint 14707 | -5/Garrison | Build established: Bothacker-Construct 14712 | -5/Garrison | Garrison Relay disabled 14733 | -5/Garrison | Learned Factory security intel 14812 | -5/Garrison | Discovered new exit (range 8) 14860 | -5/Garrison | Triggered checkpoint 14919 | -5/Garrison | Found embedded Infiltrators 14920 | -5/Garrison | Discovered new exit (range 12) 14976 | -5/Garrison | Triggered checkpoint 15009 | -5/Garrison | Garrison Relay disabled 15088 | -5/Garrison | Triggered checkpoint 15171 | -5/Garrison | Spotted B-75 Beast 15179 | -5/Garrison | Allies destroyed B-75 Beast 15224 | -5/Garrison | Lost 4 allies 15272 | -5/Garrison | Garrison Relay disabled 15358 | -5/Garrison | Discovered new exit (range 8) 15402 | -5/Garrison | Entered Factory 15402 | -4/Factory | Accompanied by 2 allies 15402 | -4/Factory | Evolved 2 slots: Utility x2 15710 | -4/Factory | Spotted B-86 Titan 15805 | -4/Factory | Lost 3 allies 16153 | -4/Factory | Spotted B-86 Titan 16224 | -4/Factory | Lost 4 parts (1p2u1w) 16497 | -4/Factory | Identified exit to Garrison 16569 | -4/Factory | Entered Garrison 16697 | -4/Garrison | Lost 3 allies 16888 | -4/Garrison | Spotted B-86 Titan 16926 | -4/Garrison | Spotted B-86 Titan 16947 | -4/Garrison | Triggered checkpoint 16991 | -4/Garrison | Destroyed B-86 Titan 17011 | -4/Garrison | Lost 7 allies 17193 | -4/Garrison | Triggered checkpoint 17275 | -4/Garrison | Triggered checkpoint 17317 | -4/Garrison | Core integrity fell below 50% 17384 | -4/Garrison | Expanded RIF knowledge: Patrol Navigation 17423 | -4/Garrison | Garrison Relay disabled 17471 | -4/Garrison | Discovered new exit (range 12) 17532 | -4/Garrison | Triggered checkpoint 17566 | -4/Garrison | Garrison Relay disabled 17651 | -4/Garrison | Discovered new exit (range 12) 17695 | -4/Garrison | Triggered checkpoint 17772 | -4/Garrison | Found Relay Coupler [Proto] 17774 | -4/Garrison | Found Relay Coupler [Proto] 17776 | -4/Garrison | Found Relay Coupler [Proto] 17782 | -4/Garrison | Found Relay Coupler [Proto] 17807 | -4/Garrison | Discovered new exit (range 10) 17843 | -4/Garrison | Entered Factory 17843 | -4/Factory | Accompanied by 2 allies 17905 | -4/Factory | Discovered new exit (range 68) 18017 | -4/Factory | Fabricated L-61 Swordsman? 18237 | -4/Factory | Discovered new exit (range 4) 18375 | -4/Factory | Identified exit to Garrison 18385 | -4/Factory | Entered Garrison 18385 | -4/Garrison | Accompanied by 3 allies 18429 | -4/Garrison | Garrison Relay disabled 18445 | -4/Garrison | Triggered checkpoint 18497 | -4/Garrison | Spotted B-86 Titan 18505 | -4/Garrison | Triggered checkpoint 18514 | -4/Garrison | Triggered checkpoint 18569 | -4/Garrison | Lost 3 allies 18681 | -4/Garrison | Rewired B-86 Titan 18737 | -4/Garrison | Destroyed Titan 7a 18817 | -4/Garrison | Discovered new exit (range 13) 18895 | -4/Garrison | Triggered checkpoint 18910 | -4/Garrison | Garrison Relay disabled 18981 | -4/Garrison | Expanded RIF knowledge: Robot Detection 19276 | -4/Garrison | Build established: Botlord-Construct 19295 | -4/Garrison | Rescued a captive Derelict 19296 | -4/Garrison | Rescued a captive Derelict 19547 | -4/Garrison | Lost 13 allies 19701 | -4/Garrison | Triggered checkpoint 19864 | -4/Garrison | Discovered new exit (range 10) 20023 | -4/Garrison | Triggered checkpoint 20036 | -4/Garrison | Garrison Relay disabled 20099 | -4/Garrison | Discovered new exit (range 3) 20106 | -4/Garrison | Entered Research 20106 | -3/Research | Evolved 2 slots: Utility x1, Weapon x1 20773 | -3/Research | Lost 3 allies 20792 | -3/Research | Identified exit to Quarantine 20842 | -3/Research | Found Hellfire Missile Launcher 20905 | -3/Research | Spotted B-86 Titan 20910 | -3/Research | Assimilated Titan 8a with formatsys_high 20921 | -3/Research | Found Prototype Device 20934 | -3/Research | Identified Exp. Thermal Defense Suite 20940 | -3/Research | Found Prototype Launcher 20983 | -3/Research | Entered Quarantine 21118 | -3/Quarantine | Identified Tactical Quantum Warhead 21460 | -3/Quarantine | Found Alien Artifact 21518 | -3/Quarantine | Found Alien Artifact 21594 | -3/Quarantine | System corruption reached 10% 21772 | -3/Quarantine | Identified Subatomic Replicator 21772 | -3/Quarantine | Identified Core Reset Matrix 21825 | -3/Quarantine | Found Alien Slashing Weapon 21825 | -3/Quarantine | Identified Sigix Broadsword 21854 | -3/Quarantine | Discovered new exit (range 15) 21860 | -3/Quarantine | Used Subatomic Replicator to replicate Sigix Broadsword 21871 | -3/Quarantine | System corruption reached 30% 21944 | -3/Quarantine | Identified exit to Garrison 22027 | -3/Quarantine | Entered Garrison 22101 | -3/Garrison | Triggered checkpoint 22163 | -3/Garrison | Build established: Botlord-Gladiator 22301 | -3/Garrison | Triggered checkpoint 22345 | -3/Garrison | Garrison Relay disabled 22408 | -3/Garrison | Garrison Relay disabled 22517 | -3/Garrison | Spotted B-86 Titan 22542 | -3/Garrison | Hijacked Titan 8b control node with streamctrl_high 22597 | -3/Garrison | Build established: Botlord-Construct 22811 | -3/Garrison | Discovered new exit (range 11) 22857 | -3/Garrison | Triggered checkpoint 22876 | -3/Garrison | Garrison Relay disabled 22925 | -3/Garrison | Spotted Executioner 22925 | -3/Garrison | Spotted Executioner 23008 | -3/Garrison | Discovered new exit (range 5) 23023 | -3/Garrison | Expanded RIF knowledge: Code Merge 23039 | -3/Garrison | Triggered checkpoint 23065 | -3/Garrison | Garrison Relay disabled 23138 | -3/Garrison | Discovered new exit (range 12) 23139 | -3/Garrison | Triggered checkpoint 23169 | -3/Garrison | Triggered checkpoint 23172 | -3/Garrison | Garrison Relay disabled 23310 | -3/Garrison | Lost 9 allies 23458 | -3/Garrison | Spotted B-90 Cyclops 23460 | -3/Garrison | Spotted B-90 Cyclops 23623 | -3/Garrison | Identified exit to Research 23627 | -3/Garrison | Entered Research 23627 | -2/Research | Evolved 2 slots: Utility x2 23967 | -2/Research | Build established: Botlord-Mutant 24065 | -2/Research | Found Prototype Device 24067 | -2/Research | Identified Exp. Force Field 24095 | -2/Research | Found Unknown Launcher 24095 | -2/Research | Identified Gamma Bomb Array 24427 | -2/Research | Identified exit to Testing 24430 | -2/Research | Found Prototype Device 24435 | -2/Research | Identified Beam Splitter 24904 | -2/Research | Found Launcher Loader 25035 | -2/Research | System corruption reached 10% 25070 | -2/Research | Spotted B-90 Cyclops 25155 | -2/Research | First assault squad dispatched 25182 | -2/Research | Spotted B-90 Cyclops 25232 | -2/Research | Destroyed 9 combat bots 25279 | -2/Research | Lost 13 parts (1p2n6u4w) 25284 | -2/Research | Released all parts (10) 25286 | -2/Research | Core integrity fell below 50% 25293 | -2/Research | Core integrity fell below 20% 25306 | -2/Research | Destroyed by C-57 Dissector with Advanced Concussive RPG Last Messages --------------- 25284_ Released Adv. Signal Interpreter. 25284_ Released Scrap Engine. 25284_ Released Huge Storage Unit. 25284_ Dropped Launcher Loader. 25285_ Penetrated by Slug. 25285_ Acquired Huge Storage Unit. 25286_ Penetrated by Slug. 25286_ Slammed into H-88 Terminator. 25287_ Acquired Adv. Remote Datajack. 25288_ Slammed into H-88 Terminator. 25289_ Penetrated by Slug. 25292_ Slug penetrates Wall. 25292_ Penetrated by Slug. 25295_ Slug penetrates Door. 25295_ Penetrated by Slug. 25296_ Slug penetrates Wall. 25297_ ALERT: Suspicious intruders detected, dispatching Cutter reinforcements to area. 25305_ Knocked back. 25306_ C-57 Dissector knocked back. Map ----- +----------------------------------------------------+ | ??????????????????????????????????????????????# | | ??????????????????????????????????????????????# | | ??????????????????????????????????????????????# | | ??????????????????????????????????????????????# | | ????????????????????????????????????#########?# | | ????????????????????????????????????# #" | | ????????????????????????????????????# # | | ????????????????????????????????????# """# | | ????????????????????????????????????# ""## | | ????????????????????????????????????# T"## | | ????????????????????????????????????# ""## | | ????????????????????????????????????# ""##! | | ???????????????##+#####?????????????# ?#!!! | | ????????????? ??????????????? ???#!!! | | ????????????? ?################+######!!! | | ???????????? ?# # ! !! | | ???????????? ! # " !!!!! | | ???????????# c # # !! | | ???????????# c # g | | ???????????# H # # ############# | | ???????????# """ # #???????????? | | ???????????# """ # #???????????? | | ???????????# %""" # #???????????? | | ???????????# # #???????????? | | ???????????# # #???????????? | | ????????????????#### @ # #???????????? | | ???????????????????###### ##### #???????????? | | ????????????????????????#####???# #???????????? | | ????????????????????????????????# #???????????? | | ????????????????????????????????# ???????????? | | ????????????????????????????????# ???????????? | | ????????????????????????????????# ??????????? | | ????????????????????????????????# ??????????? | | ?????????????????????????????????######??????????? | | ?????????????????????????????????????????????????? | | ?????????????????????????????????????????????????? | | ?????????????????????????????????????????????????? | | ?????????????????????????????????????????????????? | | ?????????????????????????????????????????????????? | | ?????????????????????????????????????????????????? | | ?????????????????????????????????????????????????? | | ?????????????????????????????????????????????????? | | ?????????????????????????????????????????????????? | | ?????????????????????????????????????????????????? | | ?????????????????????????????????????????????????? | | ?????????????????????????????????????????????????? | | ?????????????????????????????????????????????????? | | ?????????????????????????????????????????????????? | | ?????????????????????????????????????????????????? | | ?????????????????????????????????????????????????? | +----------------------------------------------------+ Best States ------------- Heat Dissipation 72 Energy Generation 25 Energy Capacity 700 Matter Stores 300 Matter Capacity 300 Sight Range 16 Robot Scan Range 18 Terrain Scan Range 24 Terrain Scan Density 210 Jamming Range 16 Additional Mass Support 12 Base Temperature (-) 200 Armor Coverage 450 Resistance: KI 25 Resistance: TH 75 Resistance: EM 25 Core Shielding 20 Weapon Cycling 25 Melee Speed Boost 30 Phase Shifting 10 Evasion (%) 59 Targeting Accuracy 16 Melee Accuracy 8 Target Analysis 8 Armor Integrity Analysis 40 Recoil Reduction 6 Kinecelleration 30 Offensive Hacking 24 Defensive Hacking 12 Relay Coupler Types 6 Relay Coupler Value 182 Item Schematics ----------------- Imp. Datajack | -8/Recycling | Hacked Lrn. Tractor Beam | -8/Recycling | Hacked Huge Storage Unit | -8/Recycling | Hacked Centrium Leg | -2/Research | Hacked Robot Schematics ------------------ None Fabricated ------------ L-61 Swordsman | x3 | -4/Factory | Preloaded Alien Tech Used ----------------- Sigix Broadsword Subatomic Replicator Achievements -------------- Pyromaniac Challenges ------------ None Game ------ Seed HelicalHeatOptics Manual? 0 Play Time 07:41:05 Cumulative 245.5 hours Start 2024.04.29 @ 03:36:12 End 2024.04.29 @ 11:27:20 Sessions 1 Manual Loads 0 Difficulty Rogue Special Mode None Game No. 61 Rogue 61 Adventurer 0 Explorer 0 Win Type - Total 15 Types 8/2/3/1/1/0/0/0/0 Lore% 53 Gallery% 76 Achievement% 66 Wizard Run 0 Options --------- Layout 1 ASCII 0 Keyboard 0 Movement Numpad Keybinds 0 Fullscreen 1 Font 24/Smallcaps Map View 50x35 Zoom Use 0% Tactical HUD 1 Map Filters NONE Filters NONE Steam 1 RUN: c016f93c-416b-4139-a616-02eb963c3ca3